3AA
SAN BERNARDINO GRASSHOPPERS @ WESTWOOD SIXSHOOTERS
08/11/2033
 
TOP OF THE 1ST
San Bernardino Grasshoppers batting - Pitching for Westwood Sixshooters : RHP David Lister
Pitching: RHP David Lister
Batting: LHB Jesús Hernández 0-0: Ball
1-0: Ball
2-0: DOUBLE (Flyball, 8LD)
Batting: RHB Reinaart Manshert 0-0: Called Strike
0-1: Ball
1-1: Ball
2-1: Ground out 4-3 (Groundball, 34D)
Jesús Hernández to third
Batting: LHB Weston Doyle 0-0: Called Strike
0-1: Called Strike
0-2: Ball
1-2: Ball
2-2: Foul Ball, location: 2F
2-2: SINGLE (Line Drive, 78S)
Jesús Hernández scores
Batting: RHB Jouo Hirschovits 0-0: Ball
1-0: Ball
2-0: Called Strike
2-1: Ball
3-1: Foul Ball, location: 2F
3-2: Foul Ball, location: 2F
3-2: Strikes out swinging
Batting: LHB Víctor Fortis 0-0: Ball
1-0: Ball
2-0: Ball
3-0: Base on Balls
Weston Doyle to second
Batting: LHB Luis García 0-0: Ball
1-0: Swinging Strike
1-1: Swinging Strike
1-2: Ball
2-2: Foul Ball, location: 2F
2-2: Foul Ball, location: 2F
2-2: Ground out 4-3 (Groundball, 4S)
Top of the 1st over - 1 run, 2 hits, 0 errors, 2 left on base; San Bernardino 1 - Westwood 0
BOTTOM OF THE 1ST
Westwood Sixshooters batting - Pitching for San Bernardino Grasshoppers : LHP Tracy Cowdin
Pitching: LHP Tracy Cowdin
Batting: RHB Simone Catalani 0-0: Called Strike
0-1: Ball
1-1: SINGLE (Line Drive, 34D)
Batting: RHB Domingo Bravo 0-0: Ball
1-0: Foul Ball, location: 2F
1-1: Ball
2-1: Ball
3-1: Base on Balls
Simone Catalani to second
Batting: LHB Phil Minor 0-0: Ball
1-0: Foul Ball, location: 2F
1-1: Fly out, F7 (Flyball, 7S)
Batting: RHB Anson Darrah 0-0: Ball
1-0: Called Strike
1-1: Grounds into double play, 4-6-3 (Groundball, 4)
Bottom of the 1st over - 0 runs, 1 hit, 0 errors, 1 left on base; San Bernardino 1 - Westwood 0
TOP OF THE 2ND
San Bernardino Grasshoppers batting - Pitching for Westwood Sixshooters : RHP David Lister
Batting: RHB Edgardo Bello 0-0: Ball
1-0: Called Strike
1-1: Foul Ball, location: 2F
1-2: Ball
2-2: Ball
3-2: Ground out 3-1 (Groundball, 34)
Batting: RHB Tony Ayala 0-0: Ball
1-0: Swinging Strike
1-1: Swinging Strike
1-2: Strikes out looking
Batting: RHB Michael Carter 0-0: Ball
1-0: Called Strike
1-1: Ball
2-1: Swinging Strike
2-2: Ball
3-2: Ground out 6-3 (Groundball, 6)
Top of the 2nd over - 0 runs, 0 hits, 0 errors, 0 left on base; San Bernardino 1 - Westwood 0
BOTTOM OF THE 2ND
Westwood Sixshooters batting - Pitching for San Bernardino Grasshoppers : LHP Tracy Cowdin
Batting: SHB Júlio Morín Jr. 0-0: Swinging Strike
0-1: Swinging Strike
0-2: Ball
1-2: SINGLE (Line Drive, 4D)
Batting: RHB Sergio Hernández 0-0: Called Strike
0-1: Ball
1-1: Ball
2-1: Ball
3-1: Fly out, F9 (Flyball, 89D)
Batting: LHB Mitchell Cusimano 0-0: Ball
1-0: Ball
2-0: Ball
3-0: Base on Balls
Júlio Morín Jr. to second
Batting: SHB Julián Valentín 0-0: Swinging Strike
0-1: Ball
1-1: Called Strike
1-2: Strikes out swinging
Batting: RHB Chris Corella 0-0: Foul Ball, location: 2F
0-1: Ball
1-1: Ball
2-1: Foul Ball, location: 2F
2-2: Ball
3-2: Fly out, F7 (Flyball, 7)
Bottom of the 2nd over - 0 runs, 1 hit, 0 errors, 2 left on base; San Bernardino 1 - Westwood 0
TOP OF THE 3RD
San Bernardino Grasshoppers batting - Pitching for Westwood Sixshooters : RHP David Lister
Batting: LHB Jesús Hernández 0-0: SINGLE (Line Drive, 6M)
Batting: RHB Reinaart Manshert 0-0: Ball
1-0: Ball
2-0: Foul Ball, location: 2F
2-1: Ball
3-1: Called Strike
3-2: Fly out, F7 (Flyball, 7LD)
Batting: LHB Weston Doyle 0-0: Ball
Jesús Hernández is caught stealing 2nd base
1-0: Ball
2-0: Called Strike
2-1: Ball
3-1: Base on Balls
Batting: RHB Jouo Hirschovits 0-0: Called Strike
Weston Doyle is caught stealing 2nd base
Top of the 3rd over - 0 runs, 1 hit, 0 errors, 0 left on base; San Bernardino 1 - Westwood 0
BOTTOM OF THE 3RD
Westwood Sixshooters batting - Pitching for San Bernardino Grasshoppers : LHP Tracy Cowdin
Batting: RHB Simone Catalani 0-0: Fly out, F9 (Flyball, 9)
Batting: RHB Domingo Bravo 0-0: Called Strike
0-1: Swinging Strike
0-2: Strikes out swinging
Batting: LHB Phil Minor 0-0: DOUBLE (Line Drive, 89XD)
Batting: RHB Anson Darrah 0-0: Called Strike
0-1: Swinging Strike
0-2: Strikes out swinging
Bottom of the 3rd over - 0 runs, 1 hit, 0 errors, 1 left on base; San Bernardino 1 - Westwood 0
TOP OF THE 4TH
San Bernardino Grasshoppers batting - Pitching for Westwood Sixshooters : RHP David Lister
Batting: RHB Jouo Hirschovits 0-0: Foul Ball, location: 2F
0-1: Fly out, F4 (Line Drive, 4)
Batting: LHB Víctor Fortis 0-0: Ball
1-0: Ball
2-0: Swinging Strike
2-1: Fly out, F7 (Flyball, 7)
Pitching: RHP Bru Sotelo
Batting: LHB Luis García 0-0: Called Strike
0-1: Ball
1-1: Ball
2-1: Foul Ball, location: 2F
2-2: Ball
3-2: Ground out 5-3 (Groundball, 5)
Top of the 4th over - 0 runs, 0 hits, 0 errors, 0 left on base; San Bernardino 1 - Westwood 0
BOTTOM OF THE 4TH
Westwood Sixshooters batting - Pitching for San Bernardino Grasshoppers : LHP Tracy Cowdin
Batting: SHB Júlio Morín Jr. 0-0: Fly out, F9 (Flyball, 9D)
Batting: RHB Sergio Hernández 0-0: Ball
1-0: Called Strike
1-1: Swinging Strike
1-2: Ball
2-2: Strikes out swinging
Batting: LHB Mitchell Cusimano 0-0: Ball
1-0: Swinging Strike
1-1: Foul Ball, location: 2F
1-2: DOUBLE (Flyball, 8LD)
Batting: SHB Julián Valentín 0-0: Foul Ball, location: 2F
0-1: Ball
1-1: SINGLE (Flyball, 8LS)
Mitchell Cusimano to third
Runner from 3rd tries for Home, SAFE, no throw
Batting: RHB Chris Corella 0-0: Ball
1-0: Swinging Strike
1-1: Called Strike
1-2: Ball
2-2: Foul Ball, location: 2F
2-2: Ball
3-2: Strikes out swinging
Bottom of the 4th over - 1 run, 2 hits, 0 errors, 1 left on base; San Bernardino 1 - Westwood 1
TOP OF THE 5TH
San Bernardino Grasshoppers batting - Pitching for Westwood Sixshooters : RHP Bru Sotelo
Batting: RHB Edgardo Bello 0-0: Called Strike
0-1: Ball
1-1: Ball
2-1: Foul Ball, location: 2F
2-2: Foul Ball, location: 2F
2-2: Ground out 4-3 (Groundball, 4)
Batting: RHB Tony Ayala 0-0: Ball
1-0: Swinging Strike
1-1: Swinging Strike
1-2: SINGLE (Flyball, 7S)
Batting: RHB Michael Carter 0-0: Ball
1-0: Fly out, F9 (Flyball, 9)
Batting: LHB Jesús Hernández 0-0: Ball
1-0: Foul Ball, location: 2F
1-1: Foul Ball, location: 2F
1-2: Ball
2-2: Strikes out swinging
Top of the 5th over - 0 runs, 1 hit, 0 errors, 1 left on base; San Bernardino 1 - Westwood 1
BOTTOM OF THE 5TH
Westwood Sixshooters batting - Pitching for San Bernardino Grasshoppers : LHP Tracy Cowdin
Batting: RHB Simone Catalani 0-0: Ground out 1-3 (Groundball, 15S)
Batting: RHB Domingo Bravo 0-0: Ball
1-0: Swinging Strike
1-1: Ball
2-1: Ground out U3 (Groundball, 34S)
Batting: LHB Phil Minor 0-0: Ball
1-0: Called Strike
1-1: Ball
2-1: Fly out, F8 (Flyball, 8RD)
Bottom of the 5th over - 0 runs, 0 hits, 0 errors, 0 left on base; San Bernardino 1 - Westwood 1
TOP OF THE 6TH
San Bernardino Grasshoppers batting - Pitching for Westwood Sixshooters : RHP Bru Sotelo
Batting: RHB Reinaart Manshert 0-0: Ball
1-0: Called Strike
1-1: Foul Ball, location: 2F
1-2: Ball
2-2: SINGLE (Line Drive, 6M)
Batting: LHB Weston Doyle 0-0: Ball
Reinaart Manshert is caught stealing 2nd base
1-0: Ball
2-0: Called Strike
2-1: Foul Ball, location: 2F
2-2: Foul Ball, location: 2F
2-2: Fly out, F4 (Line Drive, 4)
Batting: RHB Jouo Hirschovits 0-0: Called Strike
0-1: Foul Ball, location: 2F
0-2: Foul Ball, location: 2F
0-2: Strikes out swinging
Top of the 6th over - 0 runs, 1 hit, 0 errors, 0 left on base; San Bernardino 1 - Westwood 1
BOTTOM OF THE 6TH
Westwood Sixshooters batting - Pitching for San Bernardino Grasshoppers : LHP Tracy Cowdin
Batting: RHB Anson Darrah 0-0: Ball
1-0: Fly out, F7 (Flyball, 7D)
Batting: SHB Júlio Morín Jr. 0-0: Ball
1-0: Ball
2-0: Called Strike
2-1: SINGLE (Groundball, 6MD)
Batting: RHB Sergio Hernández 0-0: Called Strike
0-1: Called Strike
0-2: Ball
1-2: Foul Ball, location: 2F
1-2: Foul Ball, location: 2F
1-2: Foul Ball, location: 2F
1-2: Foul Ball, location: 2F
1-2: Ball
2-2: Strikes out swinging
Batting: LHB Mitchell Cusimano 0-0: Ball
1-0: Called Strike
1-1: Foul Ball, location: 2F
1-2: Fly out, F7 (Flyball, 7LS)
Bottom of the 6th over - 0 runs, 1 hit, 0 errors, 1 left on base; San Bernardino 1 - Westwood 1
TOP OF THE 7TH
San Bernardino Grasshoppers batting - Pitching for Westwood Sixshooters : RHP Bru Sotelo
Batting: LHB Víctor Fortis 0-0: Ball
1-0: SINGLE (Line Drive, 7S)
Batting: LHB Luis García 0-0: Ball
1-0: Ball
2-0: Called Strike
2-1: Ball
3-1: Base on Balls
Víctor Fortis to second
Batting: RHB Edgardo Bello 0-0: Fly out, F8 (Flyball, 89S)
Pinch Hitting: LHB Matt Ouweneel 0-0: SINGLE (Line Drive, 4M)
Víctor Fortis to third
Luis García to second
Pinch Hitting: LHB Joe Ellison 0-0: Ball
1-0: Ball
2-0: Ball
3-0: Called Strike
3-1: SINGLE (Line Drive, 6M)
Víctor Fortis scores
Luis García to third
Matt Ouweneel to second
Batting: LHB Jesús Hernández 0-0: Ball
1-0: Ball
2-0: Foul Ball, location: 2F
2-1: Ball
3-1: Fly out, F9 (Flyball, 9)
Runner from 3rd tags up, OUT at HOME
Top of the 7th over - 1 run, 3 hits, 0 errors, 2 left on base; San Bernardino 2 - Westwood 1
BOTTOM OF THE 7TH
Westwood Sixshooters batting - Pitching for San Bernardino Grasshoppers : LHP Tracy Cowdin
Now at 2B: Louie Trimboli
Now at 3B: Ángelo Díaz
Batting: SHB Julián Valentín 0-0: Ball
1-0: Called Strike
1-1: Foul Ball, location: 2F
1-2: Ground out U3 (Groundball, 3)
Batting: RHB Chris Corella 0-0: Ball
1-0: Foul Ball, location: 2F
1-1: Fly out, F4 (Popup, 3D)
Batting: RHB Simone Catalani 0-0: Ball
1-0: DOUBLE (Line Drive, 78XD)
Pitching: LHP Felipe Casanova
Batting: RHB Domingo Bravo 0-0: Foul Ball, location: 2F
0-1: Ball
1-1: Foul Ball, location: 2F
1-2: 2-RUN HOME RUN (Flyball, 9LD), Distance : 343 ft
Batting: LHB Phil Minor 0-0: Called Strike
0-1: Called Strike
0-2: Fly out, F7 (Flyball, 7S)
Bottom of the 7th over - 2 runs, 2 hits, 0 errors, 0 left on base; San Bernardino 2 - Westwood 3
TOP OF THE 8TH
San Bernardino Grasshoppers batting - Pitching for Westwood Sixshooters : RHP Bru Sotelo
Now at SS: António Quintero
Batting: RHB Reinaart Manshert 0-0: Called Strike
0-1: Fly out, F7 (Flyball, 7LM)
Batting: LHB Weston Doyle 0-0: Ball
1-0: Foul Ball, location: 2F
1-1: Called Strike
1-2: Ground out 4-3 (Groundball, 34)
Batting: RHB Jouo Hirschovits 0-0: Swinging Strike
0-1: Called Strike
0-2: Ground out 1-3 (Groundball, 13S)
Top of the 8th over - 0 runs, 0 hits, 0 errors, 0 left on base; San Bernardino 2 - Westwood 3
BOTTOM OF THE 8TH
Westwood Sixshooters batting - Pitching for San Bernardino Grasshoppers : LHP Felipe Casanova
Batting: RHB Anson Darrah 0-0: Foul Ball, location: 2F
0-1: Swinging Strike
0-2: Strikes out swinging
Batting: SHB Júlio Morín Jr. 0-0: Ball
1-0: Ball
2-0: Ball
3-0: Called Strike
3-1: Foul Ball, location: 2F
3-2: Base on Balls
Batting: RHB Sergio Hernández 0-0: Foul Ball, location: 2F
0-1: Ball
1-1: Ball
2-1: Foul Ball, location: 2F
2-2: Strikes out looking
Pinch Hitting: SHB Joel Field 0-0: Called Strike
0-1: Ball
1-1: Ball
2-1: Foul Ball, location: 2F
2-2: Ball
3-2: Foul Ball, location: 2F
3-2: Base on Balls
Júlio Morín Jr. to second
Batting: SHB Julián Valentín 0-0: Ball
1-0: Ball
2-0: Ball
3-0: Base on Balls
Júlio Morín Jr. to third
Joel Field to second
Batting: RHB Chris Corella 0-0: Ball
1-0: Ball
2-0: Ball
3-0: Base on Balls
Júlio Morín Jr. scores
Joel Field to third
Julián Valentín to second
Pinch Hitting: RHB Loren Stallings 0-0: Ball
1-0: Ball
2-0: Ball
3-0: Called Strike
3-1: Foul Ball, location: 2F
3-2: SINGLE (Groundball, 6MD)
Joel Field scores
Julián Valentín to third
Chris Corella to second
Julián Valentín scores
Chris Corella to third
Pitching: RHP Behar Jusufi
Batting: RHB Domingo Bravo 0-0: Called Strike
0-1: Ball
1-1: Ball
2-1: Ground out U3 (Groundball, 34)
Bottom of the 8th over - 3 runs, 1 hit, 0 errors, 2 left on base; San Bernardino 2 - Westwood 6
TOP OF THE 9TH
San Bernardino Grasshoppers batting - Pitching for Westwood Sixshooters : RHP Bru Sotelo
Now at 3B: David Muller
Now at SS: Sean Domburg
Batting: LHB Víctor Fortis 0-0: Foul Ball, location: 2F
0-1: Foul Ball, location: 2F
0-2: Ball
1-2: Ball
2-2: Foul Ball, location: 2F
2-2: SINGLE (Flyball, 9LM)
Batting: LHB Luis García 0-0: Foul Ball, location: 2F
0-1: Ball
1-1: Ball
2-1: Grounds into double play, 6-4-3 (Groundball, 6)
Batting: RHB Edgardo Bello 0-0: Foul Ball, location: 2F
0-1: Called Strike
0-2: Foul Ball, location: 2F
0-2: Foul Ball, location: 2F
0-2: Ball
1-2: Ball
2-2: Ground out 5-3 (Groundball, 5)
Top of the 9th over - 0 runs, 1 hit, 0 errors, 0 left on base; San Bernardino 2 - Westwood 6
Saturday, December 22nd, 2018 - OOTP Baseball 18.8 Build 76